 Dungeon Crawl Stone Soup version 0.26-a0-84-g8c18429211 (webtiles) character file.

Game seed: 17947565497987588069

1299 Morbidden the Archer (level 8, -6/64 HPs)
             Began as a Gnoll Hunter on June 19, 2020.
             Was a Follower of Okawaru.
             Mangled by an orc warrior
             ... wielding a +1 mace of protection
              (8 damage)
             ... on level 6 of the Dungeon.
             The game lasted 00:12:35 (5918 turns).

Morbidden the Archer (Gnoll Hunter)                 Turns: 5918, Time: 00:12:35

Health: -6/64      AC:  6    Str: 17    XL:     8   Next: 56%
Magic:  12/12      EV: 15    Int: 20    God:    Okawaru [*.....]
Gold:   240        SH:  0    Dex: 15    Spells: 12/13 levels left

rFire    . . .     SeeInvis +   a - +1 shortbow
rCold    . . .     Gourm    .   (shield currently unavailable)
rNeg     . . .     Faith    .   c - +0 leather armour
rPois    .         Spirit   .   r - +2 hat
rElec    .         Reflect  .   (no cloak)
rCorr    .         Harm     .   e - +0 pair of gloves
MR       .....                  (no boots)
Stlth    ++........             (no amulet)
HPRegen  0.20/turn              t - +6 ring of intelligence
MPRegen  0.13/turn              s - ring of see invisible

@: no status effects
A: distributed training, fangs 1, strong nose
a: Heroism, Renounce Religion


You were on level 6 of the Dungeon.
You worshipped Okawaru.
Okawaru was aware of your devotion.
You were very hungry.

You visited 2 branches of the dungeon, and saw 7 of its levels.

You collected 240 gold pieces.

Inventory:

Hand Weapons
 a - a +1 shortbow (weapon)
 b - a +2 quarterstaff of speed
Missiles
 d - 77 arrows (quivered)
 u - 8 javelins
Armour
 c - a +0 leather armour (worn)
 e - a +0 pair of gloves (worn)
 r - a +2 hat (worn)
Jewellery
 s - a ring of see invisible (right hand)
 t - a +6 ring of intelligence (left hand)
 C - an uncursed amulet of faith
Wands
 l - a wand of iceblast (1)
 z - a wand of clouds (3)
Scrolls
 g - 5 scrolls of identify
 h - a scroll of enchant weapon {unknown}
 j - 3 scrolls of teleportation
 k - 2 scrolls of random uselessness {unknown}
 n - 2 scrolls of enchant armour
 o - 2 scrolls of remove curse
 p - a scroll of fear {unknown}
 y - a scroll of amnesia {unknown}
Potions
 i - a potion of curing
 m - a potion of stabbing {unknown}
 q - a potion of might {unknown}
 v - a potion of lignification {unknown}
 w - a potion of brilliance {unknown}
 x - a potion of heal wounds {unknown}
 B - a potion of degeneration {unknown}
Comestibles
 f - 9 rations


   Skills:
 + Level 5.7 Fighting
 + Level 3.3 Short Blades
 + Level 3.3 Long Blades
 + Level 3.3 Axes
 + Level 3.3 Maces & Flails
 + Level 3.3 Polearms
 + Level 3.3 Staves
 + Level 3.3 Slings
 + Level 9.2 Bows
 + Level 3.3 Crossbows
 + Level 3.3 Throwing
 + Level 3.3 Armour
 + Level 5.7 Dodging
 + Level 4.1 Stealth
 + Level 3.3 Shields
 + Level 3.3 Unarmed Combat
 + Level 3.3 Spellcasting
 + Level 2.7 Conjurations
 + Level 2.7 Hexes
 + Level 2.7 Charms
 + Level 2.7 Summonings
 + Level 2.7 Necromancy
 + Level 2.7 Translocations
 + Level 2.7 Transmutations
 + Level 2.7 Fire Magic
 + Level 2.7 Ice Magic
 + Level 2.7 Air Magic
 + Level 2.7 Earth Magic
 + Level 2.7 Poison Magic
 + Level 3.6 Invocations
 + Level 3.3 Evocations


You had 12 spell levels left.
You knew the following spells:

 Your Spells              Type           Power        Failure   Level  Hunger
a - Foxfire               Conj/Fire      ##..         5%          1    None

Your spell library contained the following spells:

 Spells                   Type           Power        Failure   Level  Hunger
 Conjure Flame            Conj/Fire      ##......     16%         3    ###....
 Inner Flame              Hex/Fire       ##......     16%         3    ###....
 Sticky Flame             Conj/Fire      ##......     47%         4    ####...
 Fireball                 Conj/Fire      ##........   83%         5    ######.


Dungeon Overview and Level Annotations

Branches:
Dungeon (6/15)             Temple (1/1) D:4

Altars:
Ashenzari
Cheibriados
Elyvilon
Gozag
Hepliaklqana
Makhleb
Nemelex Xobeh
Okawaru
Qazlal
Ru
Uskayaw
Wu Jian
Xom
Yredelemnul
The Shining One

Shops:
D:4 %([::


Innate Abilities, Weirdness & Mutations

Your experience applies equally to all skills.
You have very sharp teeth.
Your uncanny sense of smell can sniff out nearby items.


Message History

a +0 leather armour; a +0 dagger You feel better.
Casting: Foxfire (safe; 5% risk of failure)
Confirm with . or Enter, or press ? or * to list all spells.
You conjure some foxfire!
The orc warrior hits you with a +1 mace of protection!
* * * LOW HITPOINT WARNING * * *
Unknown command.
The foxfire hits the orc warrior but does no damage. x2
You feel better.
The orc warrior hits you with a +1 mace of protection!!
* * * LOW HITPOINT WARNING * * *
Unknown command.
You feel better.
The orc warrior hits you with a +1 mace of protection.
* * * LOW HITPOINT WARNING * * *
Unknown command.
Unknown command.
The orc warrior hits you with a +1 mace of protection!
You die...

# #...(...# #.##.#
# #...)...# #.##.#
####(#### #.##.#
#.# #.##.# #.#
#.##.# #(# #.##.#
#(# ######....# .(.
#.....o#### #..
#.####.@.# ..((
###.# ∆
..o##.######.#
.............######
#.....(...oo.<#
#.#####..####.#
#.#####..## #.#
..........# #.#
#.#...#####...# #..


You could see an orc warrior.

Vanquished Creatures
  A sky beast (D:5)
  An orc warrior (D:6)
  An ogre (D:6)
  2 centaurs
  A bullfrog (D:4)
  A scorpion (D:5)
  A howler monkey (D:2)
  A crimson imp (D:5)
  4 hounds
  A bullfrog zombie (D:5)
  3 orc priests
  An iguana (D:5)
  Ijyb (D:3)
  4 worker ants
  2 orc wizards
  10 adders
  5 gnolls
  An ooze (D:1)
  A dart slug (D:1)
  3 leopard geckos
  24 orcs
  2 ball pythons
  2 giant cockroaches
  12 goblins
  3 hobgoblins
  2 jackals (D:5)
  6 kobolds
  3 quokkas
  7 bats
  3 frilled lizards
  A leopard gecko skeleton (D:4)
  5 rats
115 creatures vanquished.

Vanquished Creatures (others)
  142 foxfires
142 creatures vanquished.

Grand Total: 257 creatures vanquished

Notes
Turn   | Place    | Note
-------+----------+-------------------------------------------
     0 | D:1      | Morbidden the Gnoll Hunter began the quest for the Orb.
     0 | D:1      | Reached XP level 1. HP: 20/20 MP: 1/1
   138 | D:1      | Reached XP level 2. HP: 20/26 MP: 2/2
   333 | D:1      | Reached XP level 3. HP: 29/31 MP: 3/3
   608 | D:2      | Reached skill level 1 in Short Blades
   608 | D:2      | Reached skill level 1 in Long Blades
   608 | D:2      | Reached skill level 1 in Axes
   608 | D:2      | Reached skill level 1 in Maces & Flails
   608 | D:2      | Reached skill level 1 in Polearms
   608 | D:2      | Reached skill level 1 in Staves
   608 | D:2      | Reached skill level 1 in Slings
   608 | D:2      | Reached skill level 1 in Crossbows
   608 | D:2      | Reached skill level 1 in Throwing
   608 | D:2      | Reached skill level 1 in Armour
   608 | D:2      | Reached skill level 1 in Shields
   608 | D:2      | Reached skill level 1 in Unarmed Combat
   608 | D:2      | Reached skill level 1 in Spellcasting
   608 | D:2      | Reached skill level 1 in Invocations
   608 | D:2      | Reached skill level 1 in Evocations
   608 | D:2      | Reached XP level 4. HP: 38/38 MP: 5/5
   874 | D:2      | Reached skill level 1 in Conjurations
   874 | D:2      | Reached skill level 1 in Hexes
   874 | D:2      | Reached skill level 1 in Charms
   874 | D:2      | Reached skill level 1 in Summonings
   874 | D:2      | Reached skill level 1 in Necromancy
   874 | D:2      | Reached skill level 1 in Translocations
   874 | D:2      | Reached skill level 1 in Transmutations
   874 | D:2      | Reached skill level 1 in Fire Magic
   874 | D:2      | Reached skill level 1 in Ice Magic
   874 | D:2      | Reached skill level 1 in Air Magic
   874 | D:2      | Reached skill level 1 in Earth Magic
   874 | D:2      | Reached skill level 1 in Poison Magic
  1119 | D:2      | Reached XP level 5. HP: 43/43 MP: 6/6
  1438 | D:3      | Noticed Ijyb
  1531 | D:3      | Killed Ijyb
  2462 | D:4      | Reached XP level 6. HP: 50/50 MP: 8/8
  2727 | D:4      | Found a staircase to the Ecumenical Temple.
  2736 | Temple   | Entered the Ecumenical Temple
  2837 | Temple   | Became a worshipper of Warmaster Okawaru
  2870 | D:4      | Found Roezegas's Weapon Emporium.
  3011 | D:4      | Found Etseruag's Book Shop.
  3012 | D:4      | Found Ymamixig's Book Emporium.
  3047 | D:4      | Found Gaacudek's Antique Armour Boutique.
  3087 | D:4      | Reached skill level 5 in Fighting
  3087 | D:4      | Reached skill level 5 in Dodging
  3264 | D:4      | Found Heqishres's Food Shoppe.
  3402 | D:4      | Learned a level 1 spell: Foxfire
  3407 | D:5      | Entered Level 5 of the Dungeon
  3525 | D:5      | Reached XP level 7. HP: 56/56 MP: 1/10
  3725 | D:5      | Reached * piety under Okawaru
  3727 | D:5      | Found a sparkling altar of Nemelex Xobeh.
  4041 | D:5      | Reached skill level 9 in Bows
  4770 | D:6      | Reached XP level 8. HP: 53/63 MP: 12/12
  5913 | D:6      | HP: 2/64 [orc warrior/+1 mace of protection (18)]
  5918 | D:6      | Mangled by an orc warrior

Illustrated notes

Levels and vault maps discovered:
D:1:      ncdulo_halloftheorcs, layout_basic
D:2:      minmay_recursive_quarters, layout_basic
D:3:      kennysheep_the_goblin_king, layout_basic, serial_rivers,
          chequers_serial_rivers_room_b, chequers_serial_rivers_large_a,
          chequers_serial_rivers_small_3, chequers_serial_rivers_room_a
D:4:      layout_rooms, minmay_temple_entry_glassed_door, serial_shops,
          kennysheep_little_box, shop, shop, nicolae_shop_crystal,
          nicolae_shop_trees
D:5:      layout_loops_corners, old_standard_altar, first_ration
D:6:      layout_loops_ring
Temple:   jpeg_temple_clearing

Skill      XL: |  1  2  3  4  5  6  7  8 |
---------------+-------------------------+-----
Short Blades   | 1 2 3 |  3.3
Long Blades    | 1 2 3 |  3.3
Axes           | 1 2 3 |  3.3
Maces & Flails | 1 2 3 |  3.3
Polearms       | 1 2 3 |  3.3
Staves         | 1 2 3 |  3.3
Slings         | 1 2 3 |  3.3
Crossbows      | 1 2 3 |  3.3
Throwing       | 1 2 3 |  3.3
Armour         | 1 2 3 |  3.3
Shields        | 1 2 3 |  3.3
Unarmed Combat | 1 2 3 |  3.3
Spellcasting   | 1 2 3 |  3.3
Invocations    | 1 2 3 |  3.6
Evocations     | 1 2 3 |  3.3
Conjurations   | 1 2 |  2.7
Hexes          | 1 2 |  2.7
Charms         | 1 2 |  2.7
Summonings     | 1 2 |  2.7
Necromancy     | 1 2 |  2.7
Translocations | 1 2 |  2.7
Transmutations | 1 2 |  2.7
Fire Magic     | 1 2 |  2.7
Ice Magic      | 1 2 |  2.7
Air Magic      | 1 2 |  2.7
Earth Magic    | 1 2 |  2.7
Poison Magic   | 1 2 |  2.7
Stealth        | 3 4 |  4.1
Fighting       | 5 |  5.7
Dodging        | 5 |  5.7
Bows           | 9 |  9.2

Action                   |  1- 3 |  4- 6 |  7- 9 || total
-------------------------+-------+-------+-------++-------
Melee: Short sword       |    14 |    56 |       ||    70
       Bite              |       |     8 |     2 ||    10
       Quarterstaff      |       |       |    19 ||    19
 Fire: Shortbow          |    44 |   138 |   100 ||   282
 Cast: Foxfire           |       |    15 |    67 ||    82
Invok: Heroism           |       |       |     3 ||     3
Evoke: Wand              |       |     2 |       ||     2
  Use: Scroll            |       |     6 |     2 ||     8
       Potion            |       |       |     3 ||     3
  Eat: Chunk             |       |     8 |     6 ||    14
Armor: Leather armour    |    20 |    25 |    15 ||    60
Dodge: Dodged            |    48 |    62 |    70 ||   180

Table legend:
 A = Non-vault XP
 B = Vault XP
 C = Vault XP percentage of total XP
 D = Non-vault monster count
 E = Vault monster count
 F = Vault count percentage of total count
                 A         B        C        D         E       F
            +---------+---------+-------+---------+---------+-------
      Total |    1776 |      80 |   4.3 |     101 |      14 |  12.2
            +---------+---------+-------+---------+---------+-------
        D:1 |      51 |       0 |   0.0 |      19 |       0 |   0.0
        D:2 |      83 |      34 |  29.1 |      11 |       7 |  38.9
        D:3 |      40 |      46 |  53.5 |      14 |       7 |  33.3
        D:4 |     295 |       0 |   0.0 |      18 |       0 |   0.0
        D:5 |     774 |       0 |   0.0 |      23 |       0 |   0.0
        D:6 |     533 |       0 |   0.0 |      16 |       0 |   0.0
            +---------+---------+-------+---------+---------+-------
